 Dungeon Crawl Stone Soup version 0.24-a0-203-gf0bc1e94ae (webtiles) character file.

Game seed: 15649352388698747340

55 HELP the Poker (level 3, 0/31 HPs)
             Began as a Gnoll Wanderer on Mar 28, 2019.
             Succumbed to an adder's poison
             ... on level 2 of the Dungeon.
             The game lasted 00:03:51 (1311 turns).

HELP the Poker (Gnoll Wanderer)                     Turns: 1311, Time: 00:03:52

Health: 0/31       AC:  2    Str: 13    XL:     3   Next: 93%
Magic:  7/7        EV: 12    Int: 12    God:
Gold:   65         SH:  0    Dex: 18    Spells: 3/7 levels left

rFire    + . .     SeeInvis .   q - -1 hunting sling (curse)
rCold    . . .     Gourm    .   (no shield)
rNeg     . . .     Faith    .   d - +0 robe
rPois    .         Spirit   .   (no helmet)
rElec    .         Reflect  .   (no cloak)
rCorr    .         Harm     .   (no gloves)
MR       .....                  (no boots)
Stlth    +++.......             (no amulet)
HPRegen  0.10/turn              e - ring of protection from fire
MPRegen  0.10/turn              (no ring)

@: lethally poisoned (0 -> -2)
A: distributed training, fangs 1, strong nose
a: no special abilities


You were on level 2 of the Dungeon.
You were not hungry.

You visited 1 branch of the dungeon, and saw 2 of its levels.

You collected 65 gold pieces.

Inventory:

Hand Weapons
 a - a +3 spear
 b - a +0 hunting sling
 q - a cursed -1 hunting sling (weapon)
Missiles
 j - 44 stones (quivered)
 n - 24 arrows
Armour
 d - a +0 robe (worn)
 g - +0 acid dragon scales
Jewellery
 e - a ring of protection from fire (left hand)
 k - an uncursed ring of flight {unknown}
Scrolls
 i - a scroll of teleportation
Potions
 c - a potion of curing
 h - a potion of brilliance {unknown}
 l - a potion of berserk rage
 m - a potion of cancellation {unknown}
 o - a potion of mutation {unknown}
Comestibles
 f - a ration
 p - 5 chunks of flesh


   Skills:
 + Level 4.6 Fighting
 + Level 1.0 Short Blades
 + Level 1.0 Long Blades
 + Level 1.0 Axes
 + Level 1.0 Maces & Flails
 + Level 4.6 Polearms
 + Level 1.0 Staves
 + Level 1.0 Slings
 + Level 1.0 Bows
 + Level 1.0 Crossbows
 + Level 2.6 Throwing
 + Level 1.0 Armour
 + Level 1.0 Dodging
 + Level 4.2 Stealth
 + Level 1.0 Shields
 + Level 1.0 Unarmed Combat
 + Level 2.9 Spellcasting
 + Level 0.7 Conjurations
 + Level 0.7 Hexes
 + Level 0.7 Charms
 + Level 0.7 Summonings
 + Level 0.7 Necromancy
 + Level 0.7 Translocations
 + Level 3.8 Transmutations
 + Level 0.7 Fire Magic
 + Level 0.7 Ice Magic
 + Level 0.7 Air Magic
 + Level 0.7 Earth Magic
 + Level 0.7 Poison Magic
 + Level 1.0 Invocations
 + Level 1.0 Evocations


You had 3 spell levels left.
You knew the following spells:

 Your Spells              Type           Power        Failure   Level  Hunger
a - Poisonous Vapours     Pois/Air       #.....       28%         2    ###....
s - Swiftness             Chrm/Air       #.......     28%         2    ###....

Your spell library contained the following spells:

 Spells                   Type           Power        Failure   Level  Hunger


Dungeon Overview and Level Annotations

Branches:
Dungeon (2/15)

Altars:


Innate Abilities, Weirdness & Mutations

Your experience applies equally to all skills.
You have very sharp teeth.
Your uncanny sense of smell can sniff out nearby items.


Message History

* * * LOW HITPOINT WARNING * * *
Firing (i - inventory)
j - 45 stones (quivered)
Press: ? - help, Shift-Dir - straight line, f/p - adder
Aim: an adder (severely wounded)
You shoot a stone. The stone hits the adder.
You kill the adder!
Your Short Blades skill increases to level 1!
Your Long Blades skill increases to level 1!
Your Axes skill increases to level 1!
Your Maces & Flails skill increases to level 1!
Your Staves skill increases to level 1!
Your Slings skill increases to level 1!
Your Bows skill increases to level 1!
Your Crossbows skill increases to level 1!
Your Armour skill increases to level 1!
Your Dodging skill increases to level 1!
Your Shields skill increases to level 1!
Your Unarmed Combat skill increases to level 1!
Your Evocations skill increases to level 1!
There is a lethal amount of poison in your body!
You die...

#.....# #.#############.##
.....# #(####...... .....
....# #.........## #.#.#
#...# #)####.#...###.#.#
#...# #.###....#..##.#<#
#...# #.#.....###......#
#.##...# #.#.#...)#..##.###
#..)..รท####(.>...#...###.#
............@..#..........#
.######.###......###.######
..........#..# #.#
.....###...##.###.# #######
#.#####....# ##.###.#####
##.#.## ##.## #.#


There were no monsters in sight!

Vanquished Creatures
  An adder (D:2)
  An ooze (D:1)
  A worm (D:2)
  2 dart slugs (D:1)
  A ball python (D:1)
  3 giant cockroaches (D:1)
  4 goblins
  4 hobgoblins
  4 jackals (D:1)
  4 frilled lizards (D:1)
  5 kobolds (D:1)
  3 rats
33 creatures vanquished.

Notes
Turn   | Place    | Note
-------+----------+-------------------------------------------
     0 | D:1      | HELP the Gnoll Wanderer began the quest for the Orb.
     0 | D:1      | HELP set off with the following items: a +2 spear, a potion
                  | of curing, a +0 robe, a +0 dagger, a ration; and the
                  | following spells available to memorise: Poisonous Vapours,
                  | Swiftness
     0 | D:1      | Reached XP level 1. HP: 20/20 MP: 4/4
   196 | D:1      | Reached XP level 2. HP: 21/26 MP: 5/5
   200 | D:1      | Learned a level 2 spell: Poisonous Vapours
   203 | D:1      | Learned a level 2 spell: Swiftness
   557 | D:1      | Reached XP level 3. HP: 31/31 MP: 7/7
  1161 | D:2      | Reached skill level 1 in Invocations
  1308 | D:2      | HP: 1/31 [adder (3)]
  1309 | D:2      | Reached skill level 1 in Short Blades
  1309 | D:2      | Reached skill level 1 in Long Blades
  1309 | D:2      | Reached skill level 1 in Axes
  1309 | D:2      | Reached skill level 1 in Maces & Flails
  1309 | D:2      | Reached skill level 1 in Staves
  1309 | D:2      | Reached skill level 1 in Slings
  1309 | D:2      | Reached skill level 1 in Bows
  1309 | D:2      | Reached skill level 1 in Crossbows
  1309 | D:2      | Reached skill level 1 in Armour
  1309 | D:2      | Reached skill level 1 in Dodging
  1309 | D:2      | Reached skill level 1 in Shields
  1309 | D:2      | Reached skill level 1 in Unarmed Combat
  1309 | D:2      | Reached skill level 1 in Evocations
  1311 | D:2      | Succumbed to an adder's poison

Levels and vault maps discovered:
D:1:      dpeg_arrival_windows_large_door, layout_loops_corners,
          chequers_arboretum
D:2:      layout_loops_ring, nemelex_xobeh_ov_fountains_minmay,
          lemuel_round_altar, kennysheep_slug_shrine, minmay_misc_feat_square

Skill      XL: |  1  2  3 |
---------------+----------+-----
Invocations    | 1 |  1.0
Short Blades   | 1 |  1.0
Long Blades    | 1 |  1.0
Axes           | 1 |  1.0
Maces & Flails | 1 |  1.0
Staves         | 1 |  1.0
Slings         | 1 |  1.0
Bows           | 1 |  1.0
Crossbows      | 1 |  1.0
Armour         | 1 |  1.0
Dodging        | 1 |  1.0
Shields        | 1 |  1.0
Unarmed Combat | 1 |  1.0
Evocations     | 1 |  1.0
Fighting       | |  4.6
Polearms       | |  4.6
Throwing       | |  2.6
Stealth        | |  4.2
Spellcasting   | |  2.9
Conjurations   | |  0.7
Hexes          | |  0.7
Charms         | |  0.7
Summonings     | |  0.7
Necromancy     | |  0.7
Translocations | |  0.7
Transmutations | |  3.8
Fire Magic     | |  0.7
Ice Magic      | |  0.7
Air Magic      | |  0.7
Earth Magic    | |  0.7
Poison Magic   | |  0.7

Action                   || total
-------------------------++-------
Melee: Spear             ||    68
       Bite              ||     6
 Fire: Hunting sling     ||    31
  Use: Scroll            ||     4
 Stab: Sleeping          ||     6
  Eat: Chunk             ||     1
Armor: Robe              ||    10
Dodge: Dodged            ||    24

Table legend:
 A = Non-vault XP
 B = Vault XP
 C = Vault XP percentage of total XP
 D = Non-vault monster count
 E = Vault monster count
 F = Vault count percentage of total count
                 A         B        C        D         E       F
            +---------+---------+-------+---------+---------+-------
      Total |      79 |       0 |   0.0 |      33 |       0 |   0.0
            +---------+---------+-------+---------+---------+-------
        D:1 |      56 |       0 |   0.0 |      28 |       0 |   0.0
        D:2 |      23 |       0 |   0.0 |       5 |       0 |   0.0
            +---------+---------+-------+---------+---------+-------
